 Dungeon Crawl Stone Soup version 0.27-a0-1456-gf5a116941d (webtiles) character file.

Game seed: 8518656706552840201

10884 dickylongcocking the Fighter (level 12, -4/93 HPs)
             Began as a Djinni Venom Mage on July 6, 2021.
             Was a Believer of Makhleb.
             Hit by a large rock thrown by a cyclops (36 damage)
             ... on level 9 of the Dungeon.
             The game lasted 00:20:55 (15150 turns).

dickylongcocking the Fighter (Djinni Venom Mage)   Turns: 15150, Time: 00:20:55

Health: -4/93      AC: 10    Str:  7    XL:     12   Next: 0%
Gold:   667        EV: 15    Int: 22    God:    Makhleb [**....] SH:  5 Dex: 14

rFire    + + .     SeeInvis .   b - +3 scimitar (freeze)
rCold    x . .     Faith    .   u - +0 buckler
rNeg     . . .     Spirit   .   L - +0 troll leather armour
rPois    ∞         Reflect  .   v - +2 hat {Will+}
rElec    .         Harm     .   (no cloak)
rCorr    +         Rampage  .   (no gloves)
Will     ++...                  (boots unavailable)
Stlth    ++........             (no amulet)
HPRegen  1.25/turn              n - ring of resist corrosion
MPRegen  0.00/turn              e - +4 ring of protection

@: flying
A: sickness immunity, fire resistance 2, cold vulnerability 1, float, innate
caster, hp casting, extra vitality 1, claws 1, sturdy frame 1
a: Renounce Religion, Minor Destruction


You were on level 9 of the Dungeon.
You worshipped Makhleb.
Makhleb was pleased with you.
You visited 2 branches of the dungeon, and saw 10 of its levels.

You collected 997 gold pieces.
You spent 330 gold pieces at shops.

Inventory:

Hand Weapons
 a - a +2 scimitar of flaming
 b - a +3 scimitar of freezing (weapon)
 c - a +4 short sword of protection
Missiles
 x - a curare-tipped dart
 G - 2 throwing nets
Armour
 u - a +0 buckler (worn)
 v - a +2 hat of willpower (worn)
 y - a +0 robe
 A - +0 steam dragon scales
 L - a +0 troll leather armour (worn)
Jewellery
 d - a ring of protection from fire
 e - a +4 ring of protection (right claw)
 f - a +4 ring of evasion
 i - a ring of protection from cold
 n - a ring of resist corrosion (left claw)
 z - a ring of see invisible
 B - a +4 ring of slaying
 D - a ring of fire
Wands
 o - a wand of iceblast (16)
 p - a wand of flame (30)
 H - a wand of paralysis (18)
 J - a wand of mindburst (8)
Scrolls
 g - 2 scrolls of identify
 j - a scroll of acquirement {unknown}
 k - 2 scrolls of vulnerability {unknown}
 l - 4 scrolls of holy word {unknown}
 m - a scroll of enchant armour
 C - a scroll of magic mapping
 F - a scroll of silence
 I - a scroll of amnesia
Potions
 h - 2 potions of flight
 q - 2 potions of degeneration {unknown}
 r - 3 potions of mutation
 s - a potion of magic
 t - a potion of might
 w - a potion of lignification {unknown}
 E - 2 potions of invisibility
 K - 2 potions of curing


   Skills:
 * Level 10.6 Fighting
 - Level 2.0(3.8) Short Blades
 * Level 5.1(5.3) Long Blades
 - Level 7.0 Dodging
 - Level 1.9 Stealth
 - Level 4.0 Shields
 * Level 8.9 Spellcasting


You had 3 spell levels left.
You knew the following spells:

 Your Spells              Type           Power      Damage    Failure   Level
a - Sting                 Tmut/Pois      100%       1d8       1%          1
b - Foxfire               Conj/Fire      100%       2x1d9     1%          1
c - Searing Ray           Conj           98%        3d7       1%          2
d - Olgreb's Toxic Radia  Pois           49%        N/A       1%          4
e - Ozocubu's Armour      Ice            49%        N/A       1%          3
f - Airstrike             Air            24%        N/A       1%          4
g - Yara's Violent Unrav  Hex/Tmut       24%        3d11      5%          5
p - Poisonous Vapours     Pois/Air       98%        N/A       1%          2
x - Mephitic Cloud        Conj/Pois/Air  49%        N/A       1%          3
Your spell library was empty.

Dungeon Overview and Level Annotations

Branches:
Dungeon (9/15)             Temple (1/1) D:7            Lair (0/6) D:8
    Orc: D:9-12

Altars:
Ashenzari
Dithmenos
Elyvilon
Fedhas
Gozag
Hepliaklqana
Kikubaaqudgha
Makhleb
Nemelex Xobeh
Okawaru
Qazlal
Ru
Sif Muna
Uskayaw
Vehumet
Wu Jian
Xom
Yredelemnul
The Shining One

Shops:
D:7 ?

Annotations:
D:3 2 transporters, barkas's ghost, amateur NaCj


Innate Abilities, Weirdness & Mutations

You are immune to sickness and miasma.
You are immune to poison.
Your flesh is very heat resistant. (rF++)
You are vulnerable to cold. (rC-)
You float through the air rather than walking.
You learn spells naturally, not from books.
Your magical power is your life essence.
You have superior vitality. (+4 HP)
You have sharp fingernails.
Your movements are slightly less encumbered by armour. (ER -2)


Message History

Unknown command.
You hit the death knight. You freeze the death knight.
The death knight is almost dead.
The yak barely misses you.
The yak gores the fire dragon.
The yak gores itself!
The yak is killed!
Makhleb accepts your kill.
You feel better. The fire dragon barely misses you.
You riposte.
You hit the fire dragon but do no damage.
The fire dragon is lightly wounded.
The fire dragon claws you. The fire dragon misses you.
You block the two-headed ogre's attack.
The two-headed ogre hits you with a +0 dire flail!
The yak misses you.
You have reached level 12!
Your experience leads to an increase in your attributes!
Increase (S)trength, (I)ntelligence, or (D)exterity?
You feel clever. x2
Unknown command.
Unknown command.
Casting: Olgreb's Toxic Radiance (mildly dangerous; 1% risk of failure)
Confirm with . or Enter, or press ? or * to list all spells.
Okay, then.
Unknown command.
Casting: Olgreb's Toxic Radiance (mildly dangerous; 1% risk of failure)
Confirm with . or Enter, or press ? or * to list all spells.
Okay, then.
Unknown command.
Casting: Olgreb's Toxic Radiance (mildly dangerous; 1% risk of failure)
Confirm with . or Enter, or press ? or * to list all spells.
Aiming: Searing Ray (safe; 1% risk of failure)
Press: ? - help, Shift-Dir - straight line, f - cyclops
Aim: a cyclops, quivering large rocks (severely wounded, very poisoned, 98% to hit)
The searing ray hits the yak!
You kill the yak!
Makhleb accepts your kill.
The searing ray hits the cyclops!
The cyclops is almost dead. (Press . to maintain the ray.)
The cyclops throws a large rock.
The large rock hits you!!!
You die...

######################
.#......^..#.........#
....:................#
.....##.........###..#
....#.####...####p#.##
....##...#####†D@##.#
.....#........†O†#..#
.....#..#.....#.o#..#
.....##..#####.C##..#
.#.#..#..# #..#..##
.#....#..# ...#..#
##....#..# ##..#..##
#....##..# #..##..#
'....#..#. #..#..#


You could see a fire dragon, a death knight (confused, very poisoned), a
two-headed ogre (very poisoned), a cyclops (very poisoned) and an orc warrior
(very poisoned).

Vanquished Creatures
  Gastronok (D:8)
  A boulder beetle (D:9)
  A cyclops (D:7)
  Maggie (D:6)
  A komodo dragon (D:8)
  2 hornets
  3 trolls
  A wyvern (D:9)
  9 yaks (D:9)
  Menkaure (D:7)
  An acid dragon (D:8)
  5 water moccasins
  4 orc warriors
  A spectral hornet (D:9)
  2 sky beasts (D:7)
  5 black bears
  3 ogres
  3 centaurs (D:9)
  3 kobold brigands
  2 wyvern zombies
  4 bullfrogs
  A gnoll sergeant (D:9)
  6 scorpions
  12 wights
  5 howler monkeys
  An electric eel (D:9)
  A bullfrog zombie (D:5)
  3 centaur zombies
  A lava snake (D:9)
  2 jellies
  A gnoll shaman (D:9)
  A centaur skeleton (D:9)
  2 hounds
  3 iguanas
  Terence (D:2)
  7 orc wizards
  2 howler monkey zombies
  16 gnolls
  6 adders
  2 howler monkey skeletons
  2 shadow imps
  2 white imps
  4 ufetubi
  An adder skeleton (D:4)
  6 worms
  28 orcs
  8 endoplasms
  2 giant cockroaches
  6 goblins
  6 hobgoblins
  5 jackals
  3 quokkas
  5 ball pythons
  3 bats
  4 frilled lizards
  17 kobolds
  4 rats
233 creatures vanquished.

Vanquished Creatures (collateral kills)
  A gargoyle (D:8)
1 creature vanquished.

Vanquished Creatures (others)
  5 foxfires (D:8)
  30 fungi (D:8)
  44 plants (D:8)
79 creatures vanquished.

Grand Total: 313 creatures vanquished

Notes
Turn   | Place    | Note
-------+----------+-------------------------------------------
     0 | D:1      | dickylongcocking the Djinni Venom Mage began the quest for
                  | the Orb.
     0 | D:1      | Reached XP level 1. HP: 15/15 MP: 0/0
   646 | D:1      | Reached XP level 2. HP: 11/21 MP: 0/0
  1264 | D:1      | Reached XP level 3. HP: 22/25 MP: 0/0
  1264 | D:1      | Learned a level 1 spell: Foxfire
  2370 | D:2      | Noticed Terence
  2388 | D:2      | Killed Terence
  2389 | D:2      | Reached skill level 1 in Fighting
  2389 | D:2      | Reached XP level 4. HP: 23/32 MP: 0/0
  2763 | D:2      | Reached XP level 5. HP: 27/38 MP: 0/0
  2763 | D:2      | Learned a level 2 spell: Searing Ray
  3010 | D:2      | Reached skill level 2 in Fighting
  3055 | D:2      | Reached skill level 1 in Short Blades
  4113 | D:3      | Found a transporter.
  4114 | D:3      | Found a transporter.
  4114 | D:3      | Noticed an ogre
  4114 | D:3      | Noticed barkas's ghost (amateur NaCj)
  4115 | D:3      | Noticed an ogre
  4141 | D:3      | Reached XP level 6. HP: 32/45 MP: 0/0
  4611 | D:3      | Reached skill level 3 in Fighting
  5320 | D:4      | Reached XP level 7. HP: 31/50 MP: 0/0
  5320 | D:4      | Learned a level 3 spell: Ozocubu's Armour
  5567 | D:4      | Reached skill level 4 in Fighting
  5942 | D:5      | Entered Level 5 of the Dungeon
  6148 | D:5      | Reached XP level 8. HP: 13/58 MP: 0/0
  6704 | D:5      | Reached skill level 5 in Spellcasting
  6817 | D:5      | Reached skill level 5 in Fighting
  7873 | D:6      | Reached skill level 6 in Fighting
  7893 | D:6      | Reached XP level 9. HP: 22/66 MP: 0/0
  7893 | D:6      | Learned a level 4 spell: Airstrike
  8138 | D:6      | Reached skill level 5 in Dodging
  8681 | D:6      | Noticed Maggie
  8718 | D:6      | Killed Maggie
  8719 | D:6      | Reached skill level 7 in Fighting
  9058 | D:7      | Noticed Menkaure
  9060 | D:7      | Killed Menkaure
  9122 | D:7      | Found Zen Anao's Magic Scroll Emporium.
  9130 | D:7      | Bought a scroll of teleportation for 39 gold pieces
  9130 | D:7      | Bought a scroll of magic mapping for 45 gold pieces
  9130 | D:7      | Bought a scroll of fog for 26 gold pieces
  9130 | D:7      | Bought a scroll of summoning for 123 gold pieces
  9130 | D:7      | Bought a scroll of silence for 97 gold pieces
  9130 | D:7      | Noticed a troll
  9151 | D:7      | Reached skill level 1 in Shields
  9518 | D:7      | Found a staircase to the Ecumenical Temple.
  9555 | Temple   | Entered the Ecumenical Temple
  9709 | Temple   | Became a worshipper of Makhleb the Destroyer
  9759 | D:7      | Found an iron altar of Okawaru.
  9761 | D:7      | Found a hide-covered altar of Uskayaw.
  9776 | D:7      | Killed a troll
 10027 | D:7      | Reached XP level 10. HP: 56/76 MP: 0/0
 10133 | D:7      | Noticed a cyclops
 10153 | D:7      | Killed a cyclops
 10154 | D:7      | Reached skill level 8 in Fighting
 10740 | D:8      | Found a staircase to the Lair.
 10742 | D:8      | Noticed a komodo dragon
 10752 | D:8      | Reached * piety under Makhleb
 11255 | D:8      | Noticed a gargoyle
 11275 | D:8      | Killed a gargoyle
 11547 | D:8      | Noticed Gastronok
 11565 | D:8      | Gained mutation: Your movements are slightly less
                  | encumbered by armour. (ER -2) [potion of mutation]
 11565 | D:8      | Gained mutation: You have sharp fingernails. [potion of
                  | mutation]
 12292 | D:8      | Killed a komodo dragon
 12402 | D:8      | Reached skill level 9 in Fighting
 12645 | D:8      | Reached skill level 1 in Long Blades
 12956 | D:8      | Killed Gastronok
 12957 | D:8      | Reached XP level 11. HP: 18/85 MP: 0/0
 12957 | D:8      | Learned a level 5 spell: Yara's Violent Unravelling
 14013 | D:9      | Reached skill level 10 in Fighting
 14346 | D:9      | Noticed a boulder beetle
 14358 | D:9      | Killed a boulder beetle
 14920 | D:9      | Reached ** piety under Makhleb
 15131 | D:9      | Noticed a death knight
 15136 | D:9      | Noticed a fire dragon
 15142 | D:9      | Noticed a cyclops
 15142 | D:9      | Noticed a two-headed ogre
 15144 | D:9      | Reached skill level 5 in Long Blades
 15150 | D:9      | Reached XP level 12. HP: 33/93 MP: 0/0
 15150 | D:9      | Hit by a large rock thrown by a cyclops

Illustrated notes

Levels and vault maps discovered:
D:1:      co_arrival_random_square_maze, layout_basic
D:2:      layout_loops_cross, serial_bayou_crossing, uniq_terence
D:3:      layout_basic, gammafunk_ghost_smash
D:4:      layout_cave_pools, st_stairs_1
D:5:      layout_loops_corners
D:6:      layout_gridville, uniq_maggie
D:7:      layout_cave_pools, grunt_temple_overflow_open,
          minmay_temple_entry_gardened_gates, serial_shops,
          nicolae_shop_waterfront, uniq_menkaure
D:8:      layout_basic, due_lair_maze_entry_diamond, uniq_gastronok
D:9:      layout_loops_ring, nicolae_lava_and_water, minivault_25_ag,
          hangedman_weighted_door, minmay_pinched_square
Temple:   regret_index_temple_chain_breaker

Skill      XL: |  1  2  3  4  5  6  7  8  9 10 11 |
---------------+----------------------------------+-----
Spellcasting   | 3 4 5 6 8 |  8.9
Fighting       | 1 2 3 4 6 7 9 10 | 10.6
Short Blades   | 1 2 |  2.0
Dodging        | 3 4 6 7 |  7.0
Shields        | 2 4 |  4.0
Long Blades    | 3 5 |  5.1
Stealth        | |  1.9

Action                   |  1- 3 |  4- 6 |  7- 9 | 10-12 || total
-------------------------+-------+-------+-------+-------++-------
Melee: Short sword       |    11 |    20 |   136 |    63 ||   230
       Unarmed           |     1 |       |       |       ||     1
       Scimitar          |       |       |       |   137 ||   137
 Cast: Sting             |    31 |     1 |     3 |    11 ||    46
       Poisonous Vapours |    15 |    10 |    10 |     9 ||    44
       Olgreb's Toxic Ra |       |     7 |    24 |    51 ||    82
       Searing Ray       |       |    28 |    28 |     9 ||    65
       Foxfire           |       |     1 |       |     4 ||     5
       Airstrike         |       |       |    16 |     6 ||    22
       Mephitic Cloud    |       |       |     1 |    23 ||    24
       Ozocubu's Armour  |       |       |       |     2 ||     2
  Use: Scroll            |       |       |     8 |    10 ||    18
       Potion            |       |       |     4 |     5 ||     9
 Stab: Sleeping          |       |       |     2 |     2 ||     4
       Confused          |       |       |     1 |     2 ||     3
Armor: Robe              |    12 |     9 |    59 |       ||    80
       Steam dragon scal |       |       |    14 |    97 ||   111
       Troll leather arm |       |       |       |    12 ||    12
Dodge: Dodged            |    21 |    18 |   116 |   201 ||   356
Block: Buckler           |       |       |       |    56 ||    56
       Rpst.: Scimitar   |       |       |       |    32 ||    32

Table legend: (Time is in decaauts)
 A = Elapsed time spent in this place.
 B = Non-inter-level travel time spent in this place.
 C = Inter-level travel time spent in this place.
 D = Time resting spent in this place.
 E = Time spent auto-exploring this place.
 F = Levels seen in this place.
 G = Mean time per level.
                   A        B        C        D        E       F      G
               +--------+--------+--------+--------+--------+-----+--------+
         Total |  15282 |  15065 |    217 |   3574 |   9467 |  10 | 1528.2 |
       Dungeon |  15112 |  14910 |    202 |   3574 |   9325 |   9 | 1679.1 |
        Temple |    170 |    155 |     15 |      0 |    142 |   1 |  170.0 |
               +--------+--------+--------+--------+--------+-----+--------+

Top non-repeatable levels by time:
     D:8: 2398 daAuts
     D:2: 1954 daAuts
     D:5: 1882 daAuts
     D:7: 1855 daAuts
     D:1: 1610 daAuts
     D:6: 1531 daAuts
     D:9: 1503 daAuts
     D:3: 1352 daAuts
     D:4: 1023 daAuts
  Temple: 170 daAuts
